 Dungeon Crawl Stone Soup version 0.22-a0-136-g83a10e5 (webtiles) character file.

6003 varam the Destroyer (level 10, -1/58 HPs)
             Began as a Gargoyle Fire Elementalist on Feb 1, 2018.
             Was a Believer of Vehumet.
             Slain by a troll (12 damage)
             ... on level 9 of the Dungeon on Feb 2, 2018.
             The game lasted 00:44:22 (10596 turns).

varam the Destroyer (Gargoyle Fire Elementalist)   Turns: 10596, Time: 00:44:22

Health: -1/58      AC: 22    Str: 12    XL:     10   Next: 85%
Magic:  4/16       EV: 13    Int: 22    God:    Vehumet [**....]
Gold:   124        SH:  0    Dex: 10    Spells: 2/18 levels left

rFire    . . .     SeeInvis .   e - +2 mace (protect)
rCold    . . .     Gourm    .   (no shield)
rNeg     + . .     Faith    +   a - +0 robe
rPois    ∞         Spirit   .   g - +0 helmet
rElec    +         Reflect  .   z - +0 cloak
rCorr    +         Harm     .   H - +0 pair of gloves
MR       .....                  j - +1 pair of boots
Stlth    ++........             w - amulet of faith
HPRegen  0.19/turn              h - ring of resist corrosion
MPRegen  0.15/turn              N - +3 ring of intelligence

@: protection aura
A: negative energy resistance 1, electricity resistance, unbreathing,
petrification resistance, rot immunity, AC +7
a: Renounce Religion


You were on level 9 of the Dungeon.
You worshipped Vehumet.
Vehumet was pleased with you.
You were not hungry.

You visited 2 branches of the dungeon, and saw 11 of its levels.

You collected 504 gold pieces.
You spent 380 gold pieces at shops.

Inventory:

Hand Weapons
 e - a +2 mace of protection (weapon)
 F - a +3 dagger of electrocution
 Q - a +0 blowgun
Missiles
 d - 5 javelins
 l - 64 poisoned needles
 p - 8 exploding tomahawks
 I - 7 tomahawks (quivered)
Armour
 a - a +0 robe (worn)
 g - a +0 helmet (worn)
 j - a +1 pair of boots (worn)
 z - a +0 cloak (worn)
 H - a +0 pair of gloves (worn)
Jewellery
 h - a ring of resist corrosion (left hand)
 w - an amulet of faith (around neck)
 E - an uncursed ring of positive energy
 K - a +3 amulet of reflection {unknown}
 N - a +3 ring of intelligence (right hand)
Wands
 r - a wand of clouds (7)
 y - a wand of disintegration (11)
 C - a wand of digging (9)
 M - a wand of iceblast (11)
 P - a wand of enslavement (12)
 S - a wand of scattershot (4)
Scrolls
 i - a scroll of random uselessness {unknown}
 k - 4 scrolls of amnesia
 n - 4 scrolls of remove curse
 q - a scroll of enchant weapon
 s - 3 scrolls of blinking
 t - 4 scrolls of enchant armour
 v - 2 scrolls of fear {unknown}
 x - a scroll of noise {unknown}
 A - a scroll of teleportation
 G - 2 scrolls of immolation
 J - a scroll of silence
 O - a scroll of brand weapon {unknown}
 T - a scroll of fog {unknown}
Potions
 f - 2 potions of agility
 m - 3 potions of curing
 o - 2 potions of lignification
 B - 2 potions of haste
 D - 2 potions of flight
 L - 4 potions of heal wounds
Books
 b - a book of Flames

   Spells                             Type                      Level
   a - Flame Tongue                   Conjuration/Fire             1
   b - Throw Flame                    Conjuration/Fire             2
   c - Conjure Flame                  Conjuration/Fire             3
   d - Inner Flame                    Hexes/Fire                   3
   e - Sticky Flame                   Conjuration/Fire             4
   f - Fireball                       Conjuration/Fire             5
Comestibles
 c - 5 rations
 u - 4 chunks of flesh


   Skills:
 + Level 4.6 Fighting
 + Level 4.2 Maces & Flails
 + Level 4.5 Armour
 + Level 3.9 Dodging
 - Level 2.1 Stealth
 + Level 4.5 Spellcasting
 * Level 10.7 Conjurations
 + Level 7.6 Fire Magic
 + Level 2.3 Earth Magic
 + Level 1.9 Evocations


You had 2 spell levels left.
You knew the following spells:

 Your Spells              Type           Power        Failure   Level  Hunger
a - Flame Tongue          Conj/Fire      #####        1%          1    None
b - Throw Flame           Conj/Fire      #####.       1%          2    #......
c - Sticky Flame          Conj/Fire      #####...     2%          4    ####...
d - Fireball              Conj/Fire      #####.....   7%          5    ######.
e - Conjure Flame         Conj/Fire      #####...     1%          3    ##.....
f - Sandblast             Erth           ###...       4%          1    None


Dungeon Overview and Level Annotations

Branches:
Dungeon (10/15)            Temple (1/1) D:6
   Lair: D:8-11         Orc: D:9-12

Altars:
Ashenzari
Cheibriados
Dithmenos
Elyvilon
Fedhas
Gozag
Hepliaklqana
Kikubaaqudgha
Makhleb
Nemelex Xobeh
Okawaru
Qazlal
Ru
Sif Muna
Trog
Uskayaw
Vehumet
Wu Jian
Xom
Yredelemnul
Zin

Shops:
D:7 (!   D:8 ??=*


Innate Abilities, Weirdness & Mutations

You are resistant to torment.
Your stone body is resilient. (AC +7)
You are immune to poison.
You resist negative energy. (rN+)
You are resistant to electric shocks. (rElec)
You can survive without breathing.
You are immune to petrification.
You are immune to rotting.


Message History

The troll claws you but does no damage.
Casting: Sticky Flame (safe; 2% risk of failure)
Confirm with . or Enter, or press ? or * to list all spells.
Aiming: Sticky Flame (safe; 2% risk of failure)
Press: ? - help, Shift-Dir - straight line, f/p - troll
Aim: a troll (moderately wounded)
The sticky flame hits the troll.
The troll is heavily wounded.
The troll is covered in liquid flames!
The troll burns!
The troll barely misses you. The troll closely misses you. x2
Unknown command.
You hit the troll.
The troll is severely wounded.
The troll burns!
The troll bites you. The troll claws you but does no damage.
The troll claws you!
* * * LOW HITPOINT WARNING * * *
You hit the troll.
The troll is almost dead.
The troll burns!
The troll bites you!
You die...

. ##T# ###T. #...
###'####### '##
#.........# ....#
#%........#
...)'.###.........#
#..@T.........#
#####.........#
#.........#
#.........# ##
#.....÷...# ##..
#.........# #..
#######'#####
#######.#####
#.......#
............#
##'############


You could see a troll (burning).

Vanquished Creatures
  A two-headed ogre (D:8)
  A cyclops (D:9)
  Joseph (D:7)
  The ghost of mortelune the Chiller, a novice DsIE (D:4)
  Grinder (D:5)
  3 slime creatures (D:6)
  Sigmund (D:2)
  A steam dragon (D:9)
  A water moccasin (D:9)
  Duvessa (D:6)
  A sky beast (D:5)
  2 phantoms
  A black bear (D:8)
  2 necrophages
  An orc warrior (D:7)
  3 ogres
  4 centaurs
  4 big kobolds
  5 bullfrogs
  2 scorpions
  Dowan (D:7)
  A water moccasin skeleton (D:6)
  A howler monkey (D:4)
  4 crimson imps
  A centaur zombie (D:8)
  4 hounds
  6 jellies
  A centaur skeleton (D:5)
  A gnoll shaman (D:4)
  A bullfrog skeleton (D:8)
  Crazy Yiuf (D:3)
  Jessica (D:2)
  An iguana (D:8)
  3 orc wizards
  6 worker ants
  A hound skeleton (D:6)
  A hound zombie (D:5)
  4 gnolls (D:4)
  9 adders
  2 shadow imps
  7 oozes
  An adder zombie (D:8)
  2 worms
  4 dart slugs
  4 leopard geckos
  23 orcs
  3 giant cockroaches
  8 goblins
  8 hobgoblins
  10 jackals
  3 quokkas
  3 ball pythons (D:2)
  10 bats
  9 frilled lizards
  2 jackal zombies
  20 kobolds
  A quokka skeleton (D:4)
  9 rats
214 creatures vanquished.

Vanquished Creatures (others)
  An adder (D:4)
  4 fungi (D:6)
  3 plants
  7 toadstools (D:6)
15 creatures vanquished.

Grand Total: 229 creatures vanquished

Notes
Turn   | Place    | Note
-------+----------+-------------------------------------------
     0 | D:1      | varam the Gargoyle Fire Elementalist began the quest for the Orb.
     0 | D:1      | Reached XP level 1. HP: 10/10 MP: 3/3
    89 | D:1      | Reached XP level 2. HP: 11/15 MP: 0/5
   143 | D:1      | Learned a level 2 spell: Throw Flame
   166 | D:1      | Reached skill level 2 in Conjurations
   497 | D:1      | Reached XP level 3. HP: 19/19 MP: 2/6
  1097 | D:2      | Noticed Jessica
  1108 | D:2      | Killed Jessica
  1108 | D:2      | Reached skill level 3 in Conjurations
  1108 | D:2      | Reached XP level 4. HP: 24/24 MP: 1/7
  1116 | D:2      | Learned a level 4 spell: Sticky Flame
  1421 | D:2      | Reached skill level 4 in Conjurations
  1728 | D:2      | Reached skill level 4 in Fire Magic
  1728 | D:2      | Reached XP level 5. HP: 27/28 MP: 0/8
  2169 | D:3      | Noticed Sigmund
  2193 | D:2      | Upgraded the game from 0.22-a0-135-g6f012ad to 0.22-a0-136-g83a10e5
  2332 | D:2      | Killed Sigmund
  2332 | D:2      | Reached skill level 5 in Conjurations
  2332 | D:2      | Reached XP level 6. HP: 22/32 MP: 0/9
  2783 | D:3      | Found an opulent altar of Gozag.
  2846 | D:3      | Found a runed door.
  2850 | D:3      | Noticed Crazy Yiuf
  2910 | D:3      | Killed Crazy Yiuf
  3411 | D:3      | Reached skill level 6 in Conjurations
  3512 | D:4      | Noticed mortelune's ghost (novice DsIE)
  3748 | D:4      | Reached skill level 5 in Fire Magic
  3748 | D:4      | Reached XP level 7. HP: 28/36 MP: 1/10
  4359 | D:5      | Entered Level 5 of the Dungeon
  4538 | D:5      | Reached skill level 7 in Conjurations
  4685 | D:5      | Noticed Grinder
  4712 | D:5      | Killed Grinder
  4712 | D:5      | Reached skill level 8 in Conjurations
  4712 | D:5      | Reached skill level 6 in Fire Magic
  4712 | D:5      | Reached XP level 8. HP: 36/41 MP: 0/11
  4954 | D:5      | Reached skill level 1 in Fighting
  4954 | D:5      | Reached skill level 1 in Armour
  5086 | D:5      | Reached skill level 1 in Maces & Flails
  5086 | D:5      | Reached skill level 2 in Dodging
  5265 | D:5      | Found a sparkling altar of Nemelex Xobeh.
  5669 | D:4      | Found a snail-covered altar of Cheibriados.
  5785 | D:6      | Found a staircase to the Ecumenical Temple.
  5794 | Temple   | Entered the Ecumenical Temple
  6217 | D:7      | Noticed Duvessa
  6217 | D:7      | Noticed Dowan
  6238 | D:7      | Killed Dowan
  6238 | D:7      | Reached skill level 9 in Conjurations
  6259 | D:6      | HP: 4/44 [Duvessa/short sword (8)]
  6267 | D:6      | Killed Duvessa
  6267 | D:6      | Reached skill level 2 in Fighting
  6267 | D:6      | Reached skill level 2 in Armour
  6267 | D:6      | Reached XP level 9. HP: 4/48 MP: 1/13
  6593 | D:4      | Killed mortelune's ghost
  6593 | D:4      | Reached skill level 2 in Maces & Flails
  6593 | D:4      | Reached skill level 3 in Spellcasting
  6609 | D:4      | Found a radiant altar of Vehumet.
  6609 | D:4      | Found an ornate altar of the Wu Jian Council.
  6612 | D:4      | Became a worshipper of Vehumet
  6886 | D:6      | Learned a level 5 spell: Fireball
  7001 | D:6      | HP: 4/49 [slime creature (12)]
  7012 | D:6      | HP: 3/49 [acid (2)]
  7331 | D:6      | Reached skill level 3 in Fighting
  7382 | D:6      | HP: 4/50 [slime creature (13)]
  7384 | D:6      | Reached skill level 3 in Armour
  7384 | D:6      | Reached skill level 3 in Dodging
  7384 | D:6      | Reached skill level 7 in Fire Magic
  7675 | D:6      | Reached skill level 3 in Maces & Flails
  7931 | D:7      | Learned a level 3 spell: Conjure Flame
  7984 | D:7      | Found Eloahar's Weapon Emporium.
  8014 | D:7      | Noticed Joseph
  8024 | D:7      | Killed Joseph
  8024 | D:7      | Reached skill level 10 in Conjurations
  8024 | D:7      | Reached XP level 10. HP: 23/56 MP: 2/15
  8040 | D:7      | Reached * piety under Vehumet
  8040 | D:7      | Offered knowledge of Sandblast by Vehumet.
  8208 | D:7      | Found Otwukhav's Distillery.
  8472 | D:7      | Learned a level 1 spell: Sandblast
  8694 | D:7      | Found a burning altar of Makhleb.
  8699 | D:7      | Reached skill level 4 in Fighting
  8768 | D:7      | Found a shadowy altar of Dithmenos.
  8899 | D:8      | Reached skill level 4 in Spellcasting
  8967 | D:8      | Found Cug Xenoy's Magic Scroll Shoppe.
  8985 | D:8      | Bought a scroll of identify for 28 gold pieces
  8985 | D:8      | Bought a scroll of identify for 28 gold pieces
  8985 | D:8      | Bought a scroll of identify for 28 gold pieces
  8985 | D:8      | Bought a scroll of identify for 28 gold pieces
  8985 | D:8      | Bought a scroll of identify for 28 gold pieces
  9124 | D:7      | Bought a potion of heal wounds for 60 gold pieces
  9124 | D:7      | Bought a potion of heal wounds for 60 gold pieces
  9124 | D:7      | Bought 2 potions of heal wounds for 120 gold pieces
  9232 | D:8      | Found Qurrixta's Magic Scroll Shop.
  9234 | D:8      | Found Unaowao's Jewellery Boutique.
  9354 | D:8      | Found Mogaiga's Assorted Antiques.
  9412 | D:8      | Reached ** piety under Vehumet
  9417 | D:8      | Offered knowledge of Shock by Vehumet.
  9417 | D:8      | Reached skill level 4 in Armour
  9442 | D:8      | Reached skill level 1 in Earth Magic
  9510 | D:8      | Noticed a two-headed ogre
  9541 | D:8      | Killed a two-headed ogre
  9541 | D:8      | Reached skill level 1 in Evocations
 10191 | D:9      | Reached skill level 4 in Maces & Flails
 10213 | D:9      | Reached skill level 2 in Earth Magic
 10280 | D:9      | Noticed a cyclops
 10302 | D:10     | Entered Level 10 of the Dungeon
 10368 | D:9      | Killed a cyclops
 10596 | D:9      | Slain by a troll

Vault maps used:
D:1:      dpeg_arrival_leaves_temple_mockup, serial_glass, glass_columns_b,
          glass_columns_a, glass_columns_c, glass_columns_a, glass_columns_b,
          glass_columns_a, glass_columns_a, glass_columns_b, glass_columns_a,
          glass_columns_a, hangedman_abyss_or_decor_stabs,
          palyth_stone_intersect
D:2:      first_ration, uniq_jessica
D:3:      lemuel_doored_altar, uniq_sigmund, uniq_crazy_yiuf_cottage
D:4:      cheibriados_altar_1, gammafunk_temple_overflow_elements
D:5:      nemelex_altar_shiori, serial_bayou_lake_a, uniq_grinder
D:6:      cheibrodos_fertilizer, lemuel_round_altar,
          minmay_temple_entry_purple_smoke, kennysheep_path_1
D:7:      grunt_dithmenos_shadows, serial_shops, kennysheep_mini, shop,
          makhleb_heckhound_becter, uniq_joseph, uniq_duvessa
D:8:      serial_shops, nicolae_shop_crystal, shop, shop, shop
D:9:      hangedman_ranch, minmay_misc_feat_tower, lemuel_another_geyser
D:10:     nicolae_trove_entry_crossroad, david_defended_altar_elf
Temple:   regret_index_temple_generic_petals

Skill      XL: |  1  2  3  4  5  6  7  8  9 10 |
---------------+-------------------------------+-----
Conjurations   | 2 3 4 5 6 8 9 10 | 10.7
Fire Magic     | 4 5 6 7 |  7.6
Fighting       | 2 3 4 |  4.6
Armour         | 2 3 4 |  4.5
Maces & Flails | 1 3 4 |  4.2
Dodging        | 2 3 |  3.9
Spellcasting   | 3 4 |  4.5
Earth Magic    | 2 |  2.3
Evocations     | 1 |  1.9
Stealth        | |  2.1

Action                   |  1- 3 |  4- 6 |  7- 9 | 10-12 || total
-------------------------+-------+-------+-------+-------++-------
Melee: Club              |    16 |    50 |       |       ||    66
       Unarmed           |     1 |       |       |       ||     1
       Whip              |       |    39 |    41 |       ||    80
       Dagger            |       |       |    74 |     9 ||    83
       Mace              |       |       |    38 |   177 ||   215
Throw: Stone             |       |     1 |     1 |       ||     2
       Tomahawk          |       |       |     1 |       ||     1
 Cast: Flame Tongue      |    35 |    91 |    91 |    38 ||   255
       Throw Flame       |     1 |    18 |    11 |     8 ||    38
       Sticky Flame      |       |     5 |    36 |    25 ||    66
       Fireball          |       |       |       |     4 ||     4
       Conjure Flame     |       |       |       |     3 ||     3
Evoke: Wand              |       |       |       |     3 ||     3
  Use: Scroll            |     2 |       |     2 |    14 ||    18
 Stab: Sleeping          |       |     2 |       |     1 ||     3
  Eat: Chunk             |     1 |     9 |    14 |    10 ||    34
       Ration            |       |     2 |     2 |     1 ||     5
Armor: Robe              |     8 |    65 |   103 |   119 ||   295
Dodge: Dodged            |    21 |   121 |   157 |   171 ||   470

Table legend:
 A = Spawn XP
 B = Non-spawn XP
 C = Spawn XP percentage of total XP
 D = Spawn monster count
 E = Non-spawn monster count
 F = Spawn count percentage of total count
 G = Total turns spent on level
                    A         B        C        D         E        F      G
               +---------+---------+-------+---------+---------+-------+---------
         Total |       0 |    8577 |   0.0 |       0 |     214 |   0.0 | 10596
               +---------+---------+-------+---------+---------+-------+---------
           D:1 |       0 |      45 |   0.0 |       0 |      26 |   0.0 |  1040
           D:2 |       0 |     373 |   0.0 |       0 |      40 |   0.0 |  1518
           D:3 |       0 |     125 |   0.0 |       0 |      21 |   0.0 |  1340
           D:4 |       0 |     668 |   0.0 |       0 |      18 |   0.0 |   687
           D:5 |       0 |    1222 |   0.0 |       0 |      13 |   0.0 |  1641
           D:6 |       0 |    1721 |   0.0 |       0 |      36 |   0.0 |  1513
           D:7 |       0 |    1127 |   0.0 |       0 |      15 |   0.0 |  1098
           D:8 |       0 |    2013 |   0.0 |       0 |      30 |   0.0 |  1055
           D:9 |       0 |    1240 |   0.0 |       0 |      14 |   0.0 |   436
          D:10 |       0 |      43 |   0.0 |       0 |       1 |   0.0 |    15
               +---------+---------+-------+---------+---------+-------+---------
